 Dungeon Crawl Stone Soup version 0.26-a0-707-g31817bcca1 (webtiles) character file.

Game seed: 903436481884784192

2000 dickylongcocking the Carver (level 9, -15/76 HPs)
             Began as a Naga Delver on Oct 26, 2020.
             Was a Follower of Okawaru.
             Demolished by Gastronok (30 damage)
             ... on level 8 of the Dungeon.
             The game lasted 00:07:40 (9435 turns).

dickylongcocking the Carver (Naga Delver)           Turns: 9435, Time: 00:07:41

Health: -15/76     AC:  7    Str: 14    XL:     9   Next: 22%
Magic:  8/9        EV:  9    Int: 12    God:    Okawaru [*.....]
Gold:   356        SH:  0    Dex: 11    Spells: 8/8 levels left

rFire    . . .     SeeInvis +   n - +1 dagger (venom)
rCold    + . .     Faith    .   (no shield)
rNeg     . . .     Spirit   .   b - +0 leather armour
rPois    +         Reflect  .   A - +1 helmet
rElec    .         Harm     .   f - scarf {+Inv}
rCorr    .         Rampage  .   H - +0 pair of gloves
MR       +....                  (no barding)
Stlth    ++++......             (no amulet)
HPRegen  0.22/turn              E - ring of protection from cold
MPRegen  0.11/turn              B - -4 ring of dexterity

@: flying, very slow
A: large, see invisible, deformed body, poison resistance, slowness 2, spit
poison 1, AC +3
a: Spit Poison, Heroism, Renounce Religion, Evoke Invisibility


You were on level 8 of the Dungeon.
You worshipped Okawaru.
Okawaru was aware of your devotion.
You visited 2 branches of the dungeon, and saw 9 of its levels.

You collected 356 gold pieces.

Inventory:

Hand Weapons
 a - a +0 short sword
 m - a +0 great sword
 n - a +1 dagger of venom (weapon)
 u - a +0 dagger of draining
 v - a +2 short sword of protection
 C - a +0 short sword
 D - a +0 shortbow
Missiles
 G - 40 arrows
Armour
 b - a +0 leather armour (worn)
 f - a scarf of invisibility (worn)
 y - a +0 cloak
 A - a +1 helmet (worn)
 H - a +0 pair of gloves (worn)
Jewellery
 t - an uncursed ring of positive energy
 B - a -4 ring of dexterity (right hand)
 E - a ring of protection from cold (left hand)
Wands
 g - a wand of digging (3)
 h - a wand of disintegration (15)
 l - a wand of iceblast (14)
Scrolls
 k - 2 scrolls of teleportation {unknown}
 p - 3 scrolls of remove curse
 r - a scroll of amnesia {unknown}
 s - a scroll of random uselessness {unknown}
 w - 3 scrolls of identify
 x - 2 scrolls of blinking
 I - a scroll of enchant weapon {unknown}
Potions
 i - a potion of flight
 j - a potion of might {unknown}
 o - 2 potions of curing
 q - a potion of lignification
 z - a potion of brilliance {unknown}
 F - 3 potions of ambrosia {unknown}


   Skills:
 - Level 3.3 Fighting
 - Level 2.6(7.4) Short Blades
 * Level 10.8(10.9) Long Blades
 - Level 0.1 Armour
 - Level 1.7 Dodging
 - Level 9.1 Stealth


You had 8 spell levels left.
You didn't know any spells.
Your spell library was empty.

Dungeon Overview and Level Annotations

Branches:
Dungeon (8/15)             Temple (1/1) D:4
   Lair: D:8-11

Altars:
Ashenzari
Cheibriados
Dithmenos
Elyvilon
Fedhas
Gozag
Hepliaklqana
Makhleb
Nemelex Xobeh
Okawaru
Qazlal
Ru
Sif Muna
Trog
Uskayaw
Vehumet
Wu Jian
Xom
Yredelemnul
Zin
The Shining One

Shops:
D:6 ![:*

Annotations:
D:8 Gastronok


Innate Abilities, Weirdness & Mutations

You cannot wear boots.
Your serpentine skin is tough. (AC +3)
You have supernaturally acute eyesight. (SInv)
Armour fits poorly on your strangely shaped body.
Your system is resistant to poisons. (rPois)
You cover ground very slowly.
You can spit poison.


Message History

As you read the scroll of blinking, it crumbles to dust.
Unknown command.
Unknown command.
Press: ? - help, Dir - move target cursor
As you read the scroll of blinking, it crumbles to dust.
A quokka and Gastronok come into view.
Gastronok is wearing a +0 hat of magic resistance.
Unknown command.
Unknown command.
Press: ? - help, Dir - move target cursor
As you read the scroll of blinking, it crumbles to dust.
Unknown command.
Unknown command.
The helpless Gastronok fails to defend himself.
You stick Gastronok like a pincushion!!!
Gastronok is poisoned.
Gastronok is moderately wounded.
The orc wizard gestures at you while chanting.
You resist with almost no effort. Gastronok bites you!!
You die...

* #.# #.#.#,*##.* *,**,,***,* *
#.####.#o#.....* **,**,,***,* *
#§§...o..o....#***,,,,,,,,,,, *
#§##.#..o..$..$.**,,,,,,,,,,*
***##Z##.########.#?,,,,,,>,*****
...§§§§§.# *.#***,****** *
...c§§#### ##.## *,* *
#####.##########.r.###.# *
*,.#§...o.....@w.....# *
***,###.########...##### *
*,,,,*,##******##.## *
*,*,,,,,,,,,,,* *.# *
*,*,,*,******,* *.# * *,*,,,,*
*,* *.# * *,,,,,,******,* *.# *
*,,,,,,,,,,,*,* *.#
*,,,,,,,,,*,*,* *,*


You could see Gastronok (very poisoned), an orc wizard (fast) and a quokka.

Vanquished Creatures
  Sigmund (D:6)
  2 sky beasts (D:5)
  2 ogres
  A phantom (D:6)
  A necrophage (D:6)
  A centaur (D:5)
  A big kobold (D:3)
  A bullfrog (D:7)
  4 scorpions
  A howler monkey (D:7)
  A hound (D:6)
  A bullfrog zombie (D:5)
  A jelly (D:5)
  A bullfrog skeleton (D:4)
  A gnoll shaman (D:7)
  An orc priest (D:4)
  Crazy Yiuf (D:2)
  3 orc wizards
  Jessica (D:2)
  3 iguanas
  Terence (D:3)
  6 worker ants
  A hound skeleton (D:7)
  Robin (D:3)
  3 gnolls
  9 adders
  2 shadow imps
  An ufetubus (D:5)
  2 adder skeletons
  2 worms
  3 dart slugs (D:3)
  4 leopard geckos
  19 orcs
  3 ball pythons
  7 giant cockroaches
  16 goblins
  16 hobgoblins
  7 jackals
  5 quokkas
  5 bats
  7 frilled lizards
  A jackal zombie (D:5)
  12 kobolds
  A leopard gecko skeleton (D:5)
  A quokka skeleton (D:3)
  6 rats
170 creatures vanquished.

Notes
Turn   | Place    | Note
-------+----------+-------------------------------------------
     0 | D:5      | dickylongcocking the Naga Delver began the quest for the
                  | Orb.
     0 | D:5      | Reached XP level 1. HP: 21/21 MP: 1/1
    47 | D:5      | Noticed a worker ant
    54 | D:5      | Killed a worker ant
    54 | D:5      | Reached XP level 2. HP: 28/28 MP: 2/2
    54 | D:5      | Reached XP level 3. HP: 34/34 MP: 3/3
   136 | D:5      | Noticed an ogre
   293 | D:4      | Reached XP level 4. HP: 42/42 MP: 4/4
   543 | D:4      | Reached skill level 1 in Long Blades
  1055 | D:3      | Noticed Terence
  1077 | D:3      | Reached skill level 2 in Long Blades
  1077 | D:3      | Reached XP level 5. HP: 44/49 MP: 5/5
  1116 | D:3      | Killed Terence
  1432 | D:3      | Reached skill level 3 in Long Blades
  1528 | D:2      | Reached XP level 6. HP: 56/56 MP: 6/6
  1635 | D:2      | Reached skill level 4 in Long Blades
  1943 | D:2      | Noticed Jessica
  1953 | D:2      | Killed Jessica
  2982 | D:2      | Found a runed translucent door.
  2983 | D:2      | Noticed Crazy Yiuf
  3028 | D:2      | Killed Crazy Yiuf
  3294 | D:3      | Noticed Robin
  3336 | D:3      | Killed Robin
  3614 | D:3      | Reached skill level 5 in Long Blades
  3755 | D:3      | Reached XP level 7. HP: 34/62 MP: 7/7
  4002 | D:3      | Found a shimmering altar of Xom.
  4602 | D:4      | Found a staircase to the Ecumenical Temple.
  4699 | D:4      | Reached skill level 6 in Long Blades
  4703 | Temple   | Entered the Ecumenical Temple
  4909 | Temple   | Became a worshipper of Warmaster Okawaru
  5481 | D:4      | Reached skill level 7 in Long Blades
  6131 | D:5      | Reached XP level 8. HP: 60/69 MP: 8/8
  6149 | D:5      | Reached skill level 8 in Long Blades
  7405 | D:6      | Reached skill level 9 in Long Blades
  7464 | D:6      | Found an opulent altar of Gozag.
  7571 | D:6      | Reached * piety under Okawaru
  8054 | D:6      | Found Gozor's Distillery.
  8059 | D:6      | Found Xoebbu Buib's Book Emporium.
  8123 | D:6      | Found Fempu's Armour Shoppe.
  8149 | D:6      | Noticed Sigmund
  8160 | D:6      | Killed Sigmund
  8160 | D:6      | Reached skill level 10 in Long Blades
  8160 | D:6      | Reached XP level 9. HP: 44/73 MP: 9/9
  8437 | D:6      | Found Heusut's General Store.
  9433 | D:8      | Noticed Gastronok
  9435 | D:8      | Demolished by Gastronok

Illustrated notes

Levels and vault maps discovered:
D:1:      dpeg_arrival_court, layout_loops_ring
D:2:      layout_basic, minmay_3d_cube, uniq_jessica, uniq_crazy_yiuf_cottage
D:3:      cheibrodos_thug_alley, layout_basic, minmay_misc_feat_iff,
          columned_hall_lemuel, tgw_xom, uniq_terence, uniq_robin
D:4:      layout_gridville, minmay_temple_entry_statues, kennysheep_small_square
D:5:      layout_cave_pods
D:6:      layout_basic, serial_shops,
          nicolae_shop_temple_entry_statues_fountains, nicolae_shop_waterfront,
          nicolae_shop_crystal, shop, grunt_gozag_breadcrumbs, uniq_sigmund
D:7:      layout_basic
D:8:      layout_loops_ring, lemuel_zombie_altar_kikubaaqudgha, uniq_gastronok,
          uniq_psyche, uniq_erica
Temple:   kilobyte_greek_temple

Skill      XL: |  1  2  3  4  5  6  7  8 |
---------------+-------------------------+-----
Stealth        | 8 9 |  9.1
Long Blades    | 2 3 5 7 10 | 10.8
Fighting       | |  3.3
Short Blades   | |  2.6
Armour         | |  0.1
Dodging        | |  1.7

Action                   |  1- 3 |  4- 6 |  7- 9 || total
-------------------------+-------+-------+-------++-------
Melee: Short sword       |     6 |     6 |       ||    12
       Great sword       |       |    83 |       ||    83
       Dagger            |       |   155 |   372 ||   527
Invok: Heroism           |       |       |     1 ||     1
 Abil: Spit Poison       |     3 |     7 |     8 ||    18
Evoke: Wand              |     1 |     1 |     4 ||     6
  Use: Potion            |       |     2 |     7 ||     9
       Scroll            |       |       |    10 ||    10
 Stab: Sleeping          |       |    16 |     8 ||    24
       Distracted        |       |     2 |       ||     2
Armor: Leather armour    |     1 |    83 |   137 ||   221
       Skin              |       |       |    20 ||    20
Dodge: Dodged            |     1 |   131 |   156 ||   288
       Rpst.: Great sword |       |    22 |       ||    22

Table legend: (Time is in decaauts)
 A = Elapsed time spent in this place.
 B = Non-inter-level travel time spent in this place.
 C = Inter-level travel time spent in this place.
 D = Time resting spent in this place.
 E = Time spent auto-exploring this place.
 F = Levels seen in this place.
 G = Mean time per level.
                   A        B        C        D        E       F      G
               +--------+--------+--------+--------+--------+-----+--------+
         Total |  11135 |  10665 |    470 |   1722 |   7163 |   9 | 1237.2 |
       Dungeon |  10831 |  10419 |    412 |   1722 |   6934 |   8 | 1353.9 |
        Temple |    304 |    247 |     57 |      0 |    228 |   1 |  304.0 |
               +--------+--------+--------+--------+--------+-----+--------+

Top non-repeatable levels by time:
     D:4: 2187 daAuts
     D:3: 1985 daAuts
     D:6: 1975 daAuts
     D:5: 1939 daAuts
     D:2: 1383 daAuts
     D:1: 968 daAuts
     D:7: 355 daAuts
  Temple: 304 daAuts
     D:8: 36 daAuts
